Map: Amygdala

Players

OkayHorizon - Winner!

  • Race: Protoss Protoss
  • League: Platinum
  • Spawn Location: 1:00

A.I. 2 (Elite)

  • Race: Zerg Zerg
  • Spawn Location: 7:00

VOD

Have the link to the VOD?

Description

Winter

Time

  • Played on: Jan. 28, 2025, 11:42 p.m.
  • Length: 12:12
Show
View Real Time Build Order
Export as new Build Order

OkayHorizon Protoss - Winner!

Build Orders: 1 Gate Expand, Oracle Opening, Archon Immortal 

Get SALT Encoding   

  12  0:01  Probe  
  13  0:13  Probe  
  14  0:20  Pylon  
  14  0:25  Probe  
  15  0:38  Probe  
  15  0:39  Gateway  
  16  0:48  Assimilator, Probe  
  17  0:59  Probe  
  18  1:09  Probe  
  19  1:21  Probe  
  20  1:28  Nexus  
  20  1:36  Cybernetics Core  
  20  1:39  Probe  
  21  1:51  Pylon  
  21  1:53  Assimilator  
  21  1:54  Probe  
  22  2:02  Probe  
  22  2:03  Adept  
  23  2:13  Warp Gate  
  23  2:14  Probe  
  26  2:26  Probe  
  27  2:32  Adept  
  29  2:38  Probe, Gateway  
  29  2:39  Probe  
  30  2:48  Probe  
  30  2:50  Probe  
  31  2:53  Stargate  
  31  2:58  Probe  
  32  3:02  Probe  
  34  3:06  Adept  
  34  3:12  Probe  
  35  3:14  Probe  
  38  3:24  Probe  
  38  3:26  Probe  
  40  3:27  Sentry  
  42  3:36  Probe  
  42  3:37  Oracle  
  46  3:49  Pylon, Probe  
  46  3:52  Assimilator  
  43  4:07  Gateway  
  43  4:08  Gateway  
  43  4:09  Probe x2, Twilight Council  
  45  4:11  Adept  
  45  4:15  Adept  
  49  4:30  Probe  
  49  4:31  Probe  
  51  4:38  Oracle  
  54  4:39  Nexus  
  54  4:45  Pylon  
  54  4:47  Robotics Facility  
  54  4:53  Pylon  
  54  4:57  Charge  
  54  5:03  Probe x2  
  56  5:15  Probe x2  
  56  5:17  Pylon  
  56  5:19  Gateway x2  
  58  5:25  Immortal  
  58  5:27  Zealot x3, Probe x2  
  58  5:28  Zealot  
  72  5:39  Probe x2  
  74  5:43  Templar Archives  
  74  6:03  Probe x2  
  74  6:04  Probe  
  77  6:08  Zealot x4  
  77  6:11  Immortal  
  89  6:15  Probe x2  
  89  6:16  Probe  
  92  6:23  Shield Battery  
  92  6:25  Psionic Storm  
  92  6:26  Assimilator  
  92  6:27  Probe  
  92  6:32  Pylon  
  93  6:33  Pylon  
  93  6:35  Pylon  
  93  6:37  Pylon  
  93  6:40  Assimilator  
  93  6:50  Probe x3  
  96  6:54  Immortal  
  96  6:56  High Templar x2  
  96  6:57  Zealot  
  96  6:58  Zealot  
  96  6:59  Probe x3, Zealot  
  96  7:00  Archon  
  110  7:07  Probe x3  
  116  7:16  Probe x3  
  116  7:25  Nexus  
  116  7:26  Pylon  
  116  7:28  Pylon  
  95  7:41  Zealot x6  
  93  7:47  Immortal  
  93  7:48  Probe x2  
  99  7:55  Gateway  
  99  7:56  Gateway  
  99  7:59  Gateway x2  
  99  8:02  Probe x3  
  102  8:05  Assimilator  
  102  8:16  Immortal  
  102  8:18  Zealot x4  
  102  8:19  Zealot x2  
  118  8:40  Forge  
  118  8:43  Probe x2  
  118  8:44  Forge, Probe x2, High Templar  
  118  8:45  High Templar x3  
  118  8:46  High Templar x2  
  134  8:49  Archon x2  
  134  9:01  High Templar x3  
  134  9:02  High Templar  
  142  9:10  Archon x2  
  142  9:18  Nexus  
  142  9:19  Protoss Ground Weapons Level 1, Protoss Ground Armor Level 1, Pylon x2  
  142  9:20  Zealot x6  
  138  9:44  Zealot  
  138  9:45  Zealot x7  
  140  10:27  Zealot x10  
  158  10:29  Immortal  
  158  11:36  Zealot x8  
  158  11:37  Zealot x2  
  178  11:43  Probe x2  
  178  11:44  Probe x3  
  183  11:55  Probe  
  183  11:56  Probe x3  
Show
View Real Time Build Order
Export as new Build Order

A.I. 2 (Elite) Zerg 

Build Orders: Pool First 

Get SALT Encoding   

  12  0:00  Drone  
  13  0:12  Overlord  
  13  0:16  Drone  
  14  0:30  Drone  
  15  0:38  Spawning Pool  
  15  0:40  Drone  
  15  0:44  Drone  
  15  0:49  Drone  
  17  0:51  Extractor  
  17  0:55  Drone  
  17  1:06  Drone  
  18  1:17  Drone  
  19  1:25  Queen  
  21  1:29  Roach Warren  
  21  1:30  Drone  
  21  1:38  Zergling x2  
  22  1:49  Overlord  
  22  1:59  Overlord  
  22  2:11  Roach  
  24  2:21  Roach  
  26  2:28  Hatchery  
  25  2:32  Roach, Drone  
  25  2:34  Roach  
  30  2:41  Roach  
  32  2:46  Roach  
  34  2:54  Overlord  
  34  3:00  Metabolic Boost  
  34  3:05  Zergling x2  
  35  3:07  Zergling x2  
  35  3:11  Zergling x2  
  37  3:15  Zergling x2  
  37  3:18  Zergling x2  
  39  3:29  Zergling x2  
  40  3:35  Overlord, Zergling x2  
  40  3:36  Drone  
  42  3:48  Lair  
  41  4:06  Extractor  
  41  4:08  Drone  
  41  4:10  Drone  
  41  4:15  Drone  
  41  4:16  Extractor  
  42  4:18  Drone  
  42  4:21  Drone  
  44  4:24  Drone  
  44  4:27  Drone  
  46  4:31  Drone  
  46  4:33  Drone  
  46  4:38  Drone  
  49  4:40  Drone  
  49  4:43  Drone  
  51  4:47  Hydralisk Den, Drone  
  51  4:49  Drone  
  52  4:55  Overlord  
  52  4:59  Drone  
  53  5:02  Drone  
  53  5:04  Drone  
  55  5:07  Drone  
  55  5:10  Drone  
  55  5:14  Drone x2  
  58  5:15  Hydralisk  
  58  5:18  Overlord  
  61  5:23  Hydralisk  
  61  5:27  Hydralisk  
  65  5:31  Hydralisk  
  67  5:37  Drone  
  67  5:42  Overlord, Drone  
  69  5:43  Roach  
  69  5:44  Drone  
  69  5:49  Drone  
  73  5:53  Drone  
  74  6:00  Drone  
  74  6:03  Overlord  
  75  6:11  Drone  
  76  6:12  Evolution Chamber  
  76  6:13  Hydralisk  
  76  6:14  Drone x2  
  76  6:15  Roach  
  81  6:21  Hatchery  
  81  6:25  Drone  
  81  6:26  Drone  
  82  6:33  Overlord  
  82  6:36  Drone  
  82  6:39  Zerg Melee Weapons Level 1  
  83  6:44  Drone  
  83  6:45  Drone, Evolution Chamber, Hydralisk  
  83  6:47  Drone  
  87  6:50  Ravager, Evolution Chamber  
  87  6:51  Drone  
  88  6:55  Overlord, Ravager  
  88  6:57  Roach  
  91  7:06  Roach  
  91  7:08  Roach  
  95  7:09  Overseer  
  95  7:10  Zerg Ground Armor Level 1  
  95  7:15  Glial Reconstitution  
  95  7:16  Zerg Missile Weapons Level 1  
  95  7:17  Hydralisk  
  95  7:18  Infestation Pit  
  95  7:19  Overlord  
  96  7:23  Roach  
  96  7:26  Roach  
  96  7:28  Zergling x2  
  96  7:29  Zergling x2  
  95  7:32  Hydralisk  
  87  7:39  Drone  
  87  7:40  Drone  
  87  7:43  Drone  
  79  7:47  Extractor  
  79  7:48  Extractor, Hydralisk  
  79  7:49  Drone x2  
  79  7:50  Hydralisk  
  79  7:51  Roach  
  83  7:54  Roach  
  85  8:01  Infestor, Roach  
  85  8:03  Ravager  
  85  8:05  Extractor, Drone  
  90  8:12  Drone x2  
  92  8:16  Drone  
  93  8:21  Roach, Spine Crawler, Drone x2  
  93  8:23  Spine Crawler, Drone  
  93  8:24  Drone  
  93  8:26  Drone  
  98  8:33  Drone  
  99  8:34  Drone  
  99  8:35  Pneumatized Carapace  
  99  8:37  Drone  
  101  8:42  Burrow, Queen  
  101  8:44  Drone  
  101  8:45  Drone  
  101  8:48  Drone  
  106  8:52  Overlord, Hydralisk  
  106  8:53  Drone  
  106  8:55  Drone  
  110  8:57  Drone  
  110  8:59  Zergling x2  
  111  9:06  Drone  
  111  9:08  Drone  
  111  9:09  Drone  
  114  9:16  Overlord  
  114  9:18  Queen, Drone  
  114  9:20  Drone  
  118  9:24  Infestor, Roach, Zergling x2  
  118  9:27  Roach  
  118  9:30  Roach  
  128  9:31  Zergling x2  
  128  9:37  Hydralisk  
  119  9:40  Drone, Spore Crawler  
  119  9:41  Hydralisk  
  98  9:48  Hydralisk x2  
  98  9:49  Overseer, Roach, Zergling x2  
  98  9:50  Spore Crawler  
  98  9:51  Zergling x2  
  93  9:53  Roach  
  93  9:54  Ravager  
  93  9:55  Hydralisk  
  93  9:56  Zergling x4  
  93  9:59  Drone  
  97  10:03  Drone  
  97  10:04  Drone  
  84  10:10  Drone  
  84  10:13  Drone  
  77  10:14  Drone  
  77  10:16  Roach  
  77  10:20  Roach x2, Zergling x2  
  75  10:24  Hydralisk  
  75  10:26  Zergling x2  
  75  10:28  Roach, Drone, Zergling x2, Hydralisk  
  71  10:35  Hydralisk  
  69  10:37  Roach  
  67  10:46  Overlord  
  67  10:47  Drone, Hatchery  
  56  10:50  Drone x2  
  56  10:52  Zergling x4, Hydralisk  
  50  10:58  Overlord  
  36  11:23  Overlord x2  
  36  11:25  Overlord  
  36  11:28  Overlord  
  36  11:30  Spawning Pool  
  34  11:43  Drone  
  35  11:47  Drone  
  35  11:54  Drone  
  34  11:58  Drone  
Tags
 
Add a new tag
Caveats
  • Supply blocks, unpowered buildings, or Contaminate may cause inaccurate times.
  • Supply counts are checked every 10 seconds.